 Dungeon Crawl Stone Soup version 0.29.0-4-gdea44cf6ec (webtiles) character file.

Game seed: 13336778091733150014

1087 qw the Cleaver (level 8, -1/66 (68) HPs)
             Began as a Minotaur Fighter on Sept 4, 2022.
             Was a Follower of Ru.
             Slain by a sky beast (5 damage)
             ... on level 6 of the Dungeon.
             The game lasted 00:01:56 (5203 turns).

qw the Cleaver (Minotaur Fighter)                   Turns: 5203, Time: 00:01:56

HP:   -1/66 (68)    AC: 14    Str: 22    XL:     8   Next: 9%
MP:   7/7           EV:  7    Int:  5    God:    Ru [*.....]
Gold: 274           SH:  5    Dex: 17    Spells: 7/7 levels left

rFire   + . .      SeeInvis .   Y - +2 war axe (vorpal)
rCold   + . .      Faith    .   c - +0 buckler
rNeg    . . .      Spirit   .   o - +2 chain mail {rC+}
rPois   .          Reflect  .   (helmet restricted)
rElec   .          Harm     .   p - +0 cloak
rCorr   .          Rampage  .   (no gloves)
Will    .....                   e - +1 pair of boots
Stlth   ..........              (no amulet)
HPRegen 0.21/turn               f - +6 ring of dexterity
MPRegen 0.10/turn               b - ring of protection from fire

@: about to teleport, lightly drained
A: horns 2, inability to train dodging, retaliatory headbutt
a: Renounce Religion


You were on level 6 of the Dungeon.
You worshipped Ru.
Ru was aware of your devotion.
You visited 1 branch of the dungeon, and saw 6 of its levels.

You collected 337 gold pieces.
You spent 63 gold pieces at shops.


Innate Abilities, Weirdness & Mutations

You have a pair of horns on your head.
You cannot train Dodging skill.
You reflexively headbutt those who attack you in melee.


   Skills:
 + Level 5.3 Fighting
 - Level 10.1 Axes
 - Level 1.6 Throwing
 - Level 4.2 Armour
 - Level 3.6 Shields


You had 7 spell levels left.
You didn't know any spells.
Your spell library was empty.

Inventory:

Hand Weapons
 l - the +5 mace of Evisceration {drain, Contam Fly Str+2 Dex+2}
   (You found it on level 4 of the Dungeon)

   A truly terrible weapon, it drains the life of any living foe it strikes.
   Str:       It affects your strength (+2).
   Dex:       It affects your dexterity (+2).
   Fly:       It grants you flight.
   Contam:    It causes magical contamination when unequipped.
 Y - a +2 vorpal war axe (weapon)
Missiles
 n - 5 boomerangs (quivered)
Armour
 c - a +0 buckler (worn)
 e - a +1 pair of boots (worn)
 o - a +2 chain mail of cold resistance (worn)
 p - a +0 cloak (worn)
Jewellery
 b - a ring of protection from fire (right hand)
 f - a +6 ring of dexterity (left hand)
 r - a ring of fire
Scrolls
 a - a scroll of identify
 i - a scroll of teleportation
Potions
 d - 3 potions of might
 g - 3 potions of curing
 k - a potion of haste
 m - 2 potions of heal wounds
 q - 2 potions of cancellation
 s - a potion of lignification {unknown}

Dungeon Overview and Level Annotations

Branches:
Dungeon (6/15)
 Temple: D:4-7

Altars:
Dithmenos
Gozag
Kikubaaqudgha
Qazlal
Ru
Trog
Uskayaw
Vehumet
Yredelemnul
Zin

Shops:
D:1 [

Annotations:
D:6 1 runed translucent door, qw's ghost, novice FoCA


Message History

You destroy the phantom!
A shadow imp comes into view.
Your life force feels restored.
Your Throwing skill increases to level 1!
You have reached level 8!
You feel agile. You block the necrophage's attack.
You hit the necrophage but do no damage.
You headbutt the necrophage!
The necrophage is almost destroyed.
The necrophage hits you but does no damage.
You hit the necrophage.
You destroy the necrophage!
You block the wight's attack. x2
Your Armour skill increases to level 4!
The wight hits you with a +0 halberd!
The wight hits you from afar with a +0 trident!
The wight hits you with a +0 spear.
You feel drained.
You hit the wight. Your headbutt misses the wight.
The wight is lightly damaged.
You hit the wight. You barely miss something.
The wight hits you but does no damage. Something hits you but does no damage.
An adder comes into view.
The wight hits you but does no damage. The wight barely misses you.
You closely miss the wight.
The wight is moderately damaged.
You hit something. You hit the wight but do no damage.
The wight hits you with a +0 halberd! Something hits you but does no damage.
You block the wight's attack. The wight hits you but does no damage.
The wight hits you with a +0 spear.
You feel drained. The wight hits you but does no damage.
Something hits you but does no damage. The wight barely misses you.
You furiously retaliate!
You headbutt the wight, but do no damage.
The shadow imp barely misses you.
5203 ||| READING 2 scrolls of teleportation.
As you read the scroll of teleportation, it crumbles to dust.
You feel strangely unstable.
A sky beast appears from thin air!
Reactivating autopickup.
The sky beast hits you. The sky beast shocks you.
You die... #.............. !... #.............. .##### #.............. .+SFW

######.............. .####
............####+#####....#
............#.............#
.........<..'......)......#
............#...5zz.......#
............#..S@z..##....#
............#....Y..# ....#
###%###.....#.......# ...##
......#.....#.......# .....
......#.....#.......# .....
.%....#.....#.......#
......#.....#.......#
......#.....+........
).....#.....#..[...)##


You could see a sky beast, 3 wights, an adder and a shadow imp.

Vanquished Creatures
  An ogre (D:5)
  3 phantoms
  2 necrophages
  4 scorpions
  A wight (D:6)
  3 hounds
  Natasha (D:4)
  2 iguanas
  An orc wizard (D:3)
  4 gnolls (D:5)
  6 adders
  An ufetubus (D:4)
  2 worms
  4 dart slugs (D:2)
  6 orcs
  7 bats
  6 endoplasms
  A giant cockroach (D:3)
  15 goblins
  8 hobgoblins
  4 quokkas
  9 ball pythons
  5 frilled lizards
  5 kobolds
  4 rats
105 creatures vanquished.

Vanquished Creatures (others)
  An orc (D:5)
1 creature vanquished.

Grand Total: 106 creatures vanquished

Notes
Turn   | Place    | Note
-------+----------+-------------------------------------------
     0 | D:1      | qw the Minotaur Fighter began the quest for the Orb.
     0 | D:1      | Reached XP level 1. HP: 19/19 MP: 0/0
     0 | D:1      | 0 ||| qw: Version: 0.1-a-103-gd6f5d3a
     0 | D:1      | 0 ||| qw: Game counter: 5448
     0 | D:1      | 0 ||| qw: Always use a shield: true
     0 | D:1      | 0 ||| qw: God list: Ru
     0 | D:1      | 0 ||| qw: Allow faded altars: false
     0 | D:1      | 0 ||| qw: Do Orc after D:15 true
     0 | D:1      | 0 ||| qw: Do second Lair branch before Depths: true
     0 | D:1      | 0 ||| qw: Lair rune preference: random
     0 | D:1      | 0 ||| qw: Plans: Normal
     0 | D:1      | 0 ||| PLANNING D:1-11
    29 | D:1      | 29 ||| Stepping ~*~*~tactically~*~*~ (stealth).
    30 | D:1      | 30 ||| Stepping ~*~*~tactically~*~*~ (stealth).
    36 | D:1      | 36 ||| Stepping ~*~*~tactically~*~*~ (stealth).
    75 | D:1      | 75 ||| Stepping ~*~*~tactically~*~*~ (stealth).
    76 | D:1      | 76 ||| Stepping ~*~*~tactically~*~*~ (stealth).
    77 | D:1      | 77 ||| Stepping ~*~*~tactically~*~*~ (stealth).
    89 | D:1      | Reached skill level 3 in Axes
    93 | D:1      | 93 ||| Stepping ~*~*~tactically~*~*~ (stealth).
    94 | D:1      | 94 ||| Stepping ~*~*~tactically~*~*~ (stealth).
   178 | D:1      | Reached XP level 2. HP: 24/26 MP: 1/1
   374 | D:1      | 374 ||| Stepping ~*~*~tactically~*~*~ (stealth).
   382 | D:1      | 382 ||| Stepping ~*~*~tactically~*~*~ (stealth).
   419 | D:1      | Reached skill level 4 in Axes
   523 | D:1      | Found Hikluoj's Armour Shoppe.
   531 | D:1      | 531 ||| BUYING +0 chain mail (63 gold).
   531 | D:1      | Bought a +0 chain mail for 63 gold pieces
   531 | D:1      | 531 ||| SHOPLISTING +0 ring mail "Peasuco" {rElec rF+
                  | Will++} (546 gold, have 49).
   531 | D:1      | 531 ||| SHOPLISTING +2 cloak of poison resistance (259
                  | gold, have 49).
   531 | D:1      | 531 ||| SHOPLISTING -1 pair of gloves "Riruz" {*Slow Str-5
                  | Dex+5 SInv} (71 gold, have 49).
   544 | D:1      | 544 ||| UPGRADING to +0 chain mail.
   554 | D:1      | 554 ||| DROPPING +0 scale mail.
   555 | D:1      | 555 ||| UPGRADING to +6 ring of dexterity.
   556 | D:1      | 556 ||| READING 2 scrolls labelled LOL ZINOETYRIT.
   557 | D:1      | 557 ||| READING scroll labelled MUPAMA LOSHESTRI.
   558 | D:1      | 558 ||| READING scroll labelled PEBUOK IZXESTRO.
   666 | D:2      | 666 ||| Stepping ~*~*~tactically~*~*~ (stealth).
   667 | D:2      | 667 ||| Stepping ~*~*~tactically~*~*~ (stealth).
   670 | D:2      | Reached XP level 3. HP: 31/31 MP: 2/2
   698 | D:2      | Reached skill level 1 in Dodging
   755 | D:2      | 755 ||| Stepping ~*~*~tactically~*~*~ (hiding).
   758 | D:2      | 758 ||| Stepping ~*~*~tactically~*~*~ (stealth).
   763 | D:2      | 763 ||| Stepping ~*~*~tactically~*~*~ (hiding).
   795 | D:2      | 795 ||| Stepping ~*~*~tactically~*~*~ (stealth).
   796 | D:2      | 796 ||| Stepping ~*~*~tactically~*~*~ (stealth).
   797 | D:2      | 797 ||| Stepping ~*~*~tactically~*~*~ (stealth).
   798 | D:2      | 798 ||| Stepping ~*~*~tactically~*~*~ (stealth).
   800 | D:2      | 800 ||| Stepping ~*~*~tactically~*~*~ (stealth).
   801 | D:2      | 801 ||| Stepping ~*~*~tactically~*~*~ (stealth).
   802 | D:2      | 802 ||| Stepping ~*~*~tactically~*~*~ (stealth).
  1544 | D:2      | 1544 ||| READING scroll labelled VIJ YJY MEACA.
  1545 | D:2      | 1545 ||| READING scroll labelled FISOXE ONWAFE.
  1679 | D:2      | 1679 ||| READING scroll labelled FUETEI CI WECO.
  1684 | D:2      | 1684 ||| READING 2 scrolls labelled GUETWA INYTYPH.
  1685 | D:2      | 1685 ||| READING 2 scrolls labelled KIAPIZILUF.
  1686 | D:2      | 1686 ||| DROPPING scroll of poison.
  1687 | D:2      | 1687 ||| DROPPING scroll of blinking.
  1688 | D:2      | 1688 ||| Stepping randomly (stuck).
  1689 | D:2      | 1689 ||| Stepping ~*~*~tactically~*~*~ (cloud).
  1941 | D:1      | 1941 ||| Stepping randomly (stuck).
  2049 | D:2      | 2049 ||| Stepping randomly (stuck).
  2108 | D:1      | 2108 ||| Stepping randomly (stuck).
  2151 | D:3      | Reached skill level 5 in Axes
  2151 | D:3      | Reached XP level 4. HP: 39/39 MP: 3/3
  2297 | D:3      | 2297 ||| DROPPING +0 club.
  2414 | D:3      | 2414 ||| Stepping ~*~*~tactically~*~*~ (hiding).
  2751 | D:3      | 2751 ||| Stepping ~*~*~tactically~*~*~ (stealth).
  2994 | D:3      | 2994 ||| Stepping ~*~*~tactically~*~*~ (hiding).
  3104 | D:3      | 3104 ||| Stepping ~*~*~tactically~*~*~ (stealth).
  3356 | D:3      | 3356 ||| UPGRADING to +1 pair of boots.
  3361 | D:3      | 3361 ||| UPGRADING to +2 chain mail of cold resistance.
  3371 | D:3      | 3371 ||| DROPPING +0 chain mail.
  3372 | D:3      | 3372 ||| UPGRADING to +0 cloak.
  3377 | D:3      | 3377 ||| DRINKING 2 metallic yellow potions.
  3378 | D:3      | 3378 ||| DRINKING 2 yellow potions.
  3430 | D:4      | Identified the +5 mace of Evisceration {drain, Contam Fly
                  | Str+2 Dex+2}
  3432 | D:4      | 3432 ||| DROPPING +0 flail.
  3436 | D:4      | Found a stormy altar of Qazlal.
  3441 | D:4      | 3441 ||| Stepping ~*~*~tactically~*~*~ (stealth).
  3458 | D:4      | 3458 ||| Stepping ~*~*~tactically~*~*~ (stealth).
  3463 | D:4      | Reached skill level 6 in Axes
  3463 | D:4      | Reached XP level 5. HP: 45/45 MP: 4/4
  3466 | D:4      | Found a bloodstained altar of Trog.
  3467 | D:4      | Found a sacrificial altar of Ru.
  3468 | D:4      | Found a basalt altar of Yredelemnul.
  3469 | D:4      | Found a radiant altar of Vehumet.
  3469 | D:4      | Found an ancient bone altar of Kikubaaqudgha.
  3470 | D:4      | Found a shadowy altar of Dithmenos.
  3471 | D:4      | Found an opulent altar of Gozag.
  3471 | D:4      | Found a glowing silver altar of Zin.
  3472 | D:4      | Found a hide-covered altar of Uskayaw.
  3476 | D:4      | Became a worshipper of Ru the Awakened
  3547 | D:4      | Reached skill level 7 in Axes
  3905 | D:4      | Noticed a phantom
  3914 | D:4      | Killed a phantom
  3915 | D:4      | Reached XP level 6. HP: 50/53 MP: 5/5
  3973 | D:4      | Noticed Natasha
  3978 | D:4      | Killed Natasha
  4108 | D:4      | 4108 ||| READING scroll of enchant weapon.
  4108 | D:4      | 4108 ||| ENCHANTING +1 vorpal war axe.
  4109 | D:4      | 4109 ||| UPGRADING to ring of protection from fire.
  4110 | D:4      | 4110 ||| DRINKING 2 fuming puce potions.
  4111 | D:4      | 4111 ||| READING 3 scrolls of identify.
  4111 | D:4      | 4111 ||| IDENTIFYING clear potion
  4112 | D:4      | 4112 ||| READING 2 scrolls of identify.
  4112 | D:4      | 4112 ||| IDENTIFYING black potion
  4113 | D:4      | 4113 ||| DROPPING potion of flight.
  4114 | D:4      | 4114 ||| DROPPING potion of magic.
  4144 | D:5      | Entered Level 5 of the Dungeon
  4214 | D:5      | Reached skill level 8 in Axes
  4396 | D:5      | Reached XP level 7. HP: 60/60 MP: 6/6
  4564 | D:5      | 4564 ||| INVOKING Sacrifice Nimbleness.
  4564 | D:5      | Gained mutation: You cannot train Dodging skill. [Ru
                  | sacrifice]
  4564 | D:5      | Reached * piety under Ru
  4706 | D:5      | 4706 ||| Stepping ~*~*~tactically~*~*~ (stealth).
  4816 | D:5      | 4816 ||| Stepping ~*~*~tactically~*~*~ (stealth).
  4845 | D:5      | Reached skill level 9 in Axes
  4980 | D:5      | 4980 ||| READING scroll labelled GOXUOD LYAJAODEK.
  4981 | D:5      | 4981 ||| DRINKING 2 blue potions.
  4982 | D:5      | 4982 ||| READING 2 scrolls of identify.
  4982 | D:5      | 4982 ||| IDENTIFYING lumpy yellow potion
  4983 | D:5      | 4983 ||| DROPPING potion of degeneration.
  5179 | D:6      | Noticed qw's ghost (novice FoCA)
  5181 | D:6      | Found a runed translucent door.
  5184 | D:6      | 5184 ||| FLEEEEING.
  5185 | D:6      | 5185 ||| FLEEEEING.
  5194 | D:6      | Reached skill level 10 in Axes
  5197 | D:6      | Reached skill level 1 in Throwing
  5197 | D:6      | Reached XP level 8. HP: 37/68 MP: 7/7
  5202 | D:6      | HP: 10/67 [wight/+0 halberd (10)]
  5203 | D:6      | 5203 ||| READING 2 scrolls of teleportation.
  5203 | D:6      | HP: 4/66 [sky beast (3)]
  5203 | D:6      | Slain by a sky beast

Levels and vault maps discovered:
D:1:      spicycebolla_arrival_ecumenical, layout_rooms, serial_shops,
          nicolae_square_shop, minmay_octomino_j4
D:2:      layout_basic
D:3:      layout_basic
D:4:      layout_loops_ring, nicolae_overflows_in_rows, uniq_natasha
D:5:      layout_basic
D:6:      layout_gridville, ebering_ghost_sewer_d

Skill      XL: |  1  2  3  4  5  6  7  8 |
---------------+-------------------------+-----
Axes           | 3 4 5 6 7 8 10 | 10.1
Dodging        | 1 2 0 |  0.0
Fighting       | 4 5 |  5.3
Throwing       | 1 |  1.6
Armour         | 4 |  4.2
Shields        | |  3.6

Action                   |  1- 3 |  4- 6 |  7- 9 || total
-------------------------+-------+-------+-------++-------
Melee: War axe           |   103 |    66 |    42 ||   211
       Headbutt          |     7 |    12 |    12 ||    31
Throw: Boomerang         |    17 |    51 |    19 ||    87
Invok: Sacrifice Nimblen |       |       |     1 ||     1
  Use: Scroll            |     8 |     3 |     3 ||    14
       Potion            |       |     3 |     1 ||     4
Armor: Scale mail        |    32 |       |       ||    32
       Chain mail        |    16 |    27 |    25 ||    68
Dodge: Dodged            |    39 |    14 |    10 ||    63
Block: Buckler           |    23 |    15 |    15 ||    53

Table legend:
 A = Non-vault XP
 B = Vault XP
 C = Vault XP percentage of total XP
 D = Non-vault monster count
 E = Vault monster count
 F = Vault count percentage of total count
                 A         B        C        D         E       F
            +---------+---------+-------+---------+---------+-------
      Total |    1514 |      39 |   2.5 |     102 |       4 |   3.8
            +---------+---------+-------+---------+---------+-------
        D:1 |      32 |       4 |  11.1 |      22 |       3 |  12.0
        D:2 |      60 |       0 |   0.0 |      22 |       0 |   0.0
        D:3 |      83 |       0 |   0.0 |      18 |       0 |   0.0
        D:4 |     300 |      35 |  10.4 |      17 |       1 |   5.6
        D:5 |     521 |       0 |   0.0 |      15 |       0 |   0.0
        D:6 |     518 |       0 |   0.0 |       8 |       0 |   0.0
            +---------+---------+-------+---------+---------+-------
